 Dungeon Crawl Stone Soup version 0.27-a0-1200-g94dc6ad4cf (webtiles) character file.

Game seed: 10829952883999778514

422 quinnr the Magician (level 7, -6/45 HPs)
             Began as a Djinni Ice Elementalist on May 31, 2021.
             Was a Believer of the Shining One.
             Mangled by Duvessa
             ... wielding a +0 short sword
              (10 damage)
             ... on level 4 of the Dungeon.
             The game lasted 00:12:38 (5492 turns).

quinnr the Magician (Djinni Ice Elementalist)       Turns: 5492, Time: 00:12:38

Health: -6/45      AC:  2    Str:  7    XL:     7   Next: 17%
Gold:   111        EV: 12    Int: 18    God:    the Shining One [**....] SH:  0 Dex: 14

rFire    + + .     SeeInvis .   g - +1 dagger (speed)
rCold    x . .     Faith    .   (no shield)
rNeg     + . .     Spirit   .   a - +0 robe
rPois    ∞         Reflect  .   (no helmet)
rElec    .         Harm     .   (no cloak)
rCorr    .         Rampage  .   (no gloves)
Will     .....                  (boots unavailable)
Stlth    +.........             (no amulet)
HPRegen  0.15/turn              (no ring)
MPRegen  0.00/turn              (no ring)

@: flying, glowing
A: sickness immunity, fire resistance 2, cold vulnerability 1, float, innate
caster, hp casting, extra vitality 1
a: Renounce Religion, Divine Shield


You were on level 4 of the Dungeon.
You worshipped the Shining One.
The Shining One was pleased with you.
You visited 1 branch of the dungeon, and saw 4 of its levels.
You also visited: Sewer.

You collected 111 gold pieces.

Inventory:

Hand Weapons
 g - a +1 dagger of speed (weapon)
Missiles
 j - 55 poisoned darts
Armour
 a - a +0 robe (worn)
Wands
 k - a wand of paralysis (7)
 m - a wand of polymorph (10)
Scrolls
 e - a scroll of identify
 f - 6 scrolls of teleportation {unknown}
 h - a scroll of blinking {unknown}
 i - 2 scrolls of enchant armour {unknown}
 n - a scroll of amnesia
 p - a scroll of immolation {unknown}
Potions
 b - a potion of attraction
 c - 3 potions of magic
 d - 2 potions of might
 l - a potion of haste
 o - a potion of brilliance
 q - 2 potions of curing {unknown}


   Skills:
 - Level 2.1 Dodging
 - Level 1.5 Stealth
 + Level 6.3 Spellcasting


You couldn't memorise any spells.
You knew the following spells:

 Your Spells              Type           Power      Damage    Failure   Level
a - Freeze                Ice            100%       1d11      1%          1
b - Frozen Ramparts       Ice            56%        1d7       2%          3
c - Ozocubu's Armour      Ice            28%        N/A       2%          3
d - Hailstorm             Conj/Ice       28%        3d8       9%          4
e - Metabolic Englaciati  Hex/Ice        14%        N/A       24%         5
f - Apportation           Tloc           56%        N/A       1%          1
g - Searing Ray           Conj           56%        3d5       1%          2
h - Portal Projectile     Hex/Tloc       56%        N/A       2%          3
Your spell library was empty.

Dungeon Overview and Level Annotations

Branches:
Dungeon (4/15)              Sewer (visited)
 Temple: D:4-7

Altars:
Nemelex Xobeh
The Shining One

Annotations:
D:4 Duvessa


Innate Abilities, Weirdness & Mutations

You are immune to sickness and miasma.
You are immune to poison.
Your flesh is very heat resistant. (rF++)
You are vulnerable to cold. (rC-)
You float through the air rather than walking.
You learn spells naturally, not from books.
Your magical power is your life essence.
You have superior vitality. (+4 HP)


Message History

Unknown command.
Casting: Hailstorm (quite dangerous; 10% risk of failure)
Confirm with . or Enter, or press ? or * to list all spells.
The spell is quite dangerous to cast (10% risk of failure)!
Continue anyway?
Casting: Hailstorm (quite dangerous; 10% risk of failure)
Press: ? - help, Dir - look around, f - activate A cannonade of hail descends around you!
The hail pelts Dowan!
You kill Dowan!
Duvessa screams in rage.
Duvessa goes berserk!
The hail pelts Duvessa!
Duvessa is heavily wounded.
Unknown command.
Casting: Hailstorm (quite dangerous; 9% risk of failure)
Confirm with . or Enter, or press ? or * to list all spells.
Aiming: Freeze (safe; 1% risk of failure)
Press: ? - help, Shift-Dir - straight line, f - Duvessa
Aim: Duvessa, wielding a +0 short sword and wearing a +0 leather armour (heavily wounded, berserk, haloed)
You freeze Duvessa!
Duvessa is severely wounded.
Duvessa hits you with a +0 short sword! Duvessa misses you.
Casting: Freeze (safe; 1% risk of failure)
Confirm with . or Enter, or press ? or * to list all spells.
Aiming: Searing Ray (safe; 1% risk of failure)
Press: ? - help, Shift-Dir - straight line, f/p - Duvessa
Aim: Duvessa, wielding a +0 short sword and wearing a +0 leather armour (severely wounded, berserk, haloed, 87% to hit)
The searing ray hits Duvessa!
Duvessa is severely wounded. (Press . to maintain the ray.)
* * * LOW HITPOINT WARNING * * *
Duvessa hits you with a +0 short sword!
* * * LOW HITPOINT WARNING * * *
Unknown command.
Okay, then.
Okay, then.
The searing ray hits Duvessa.
Duvessa is almost dead.
* * * LOW HITPOINT WARNING * * *
Duvessa closely misses you. Duvessa hits you with a +0 short sword!
You die...

. .. ####...
.....
#.######..##
#......@e).#
#....#..#..#
#.. ....# .#
# ###### #


You could see Duvessa (berserk).

Vanquished Creatures
  2 kobold brigands (Sewer)
  Dowan (D:4)
  A centaur skeleton (D:2)
  An iguana (D:3)
  8 adders
  7 worms
  2 dart slugs
  An orc (D:3)
  6 ball pythons
  12 endoplasms
  4 giant cockroaches
  7 hobgoblins
  12 kobolds
  A quokka (D:2)
  3 bats
  4 frilled lizards
  6 goblins
  19 rats
97 creatures vanquished.

Notes
Turn   | Place    | Note
-------+----------+-------------------------------------------
     0 | D:1      | quinnr the Djinni Ice Elementalist began the quest for the
                  | Orb.
     0 | D:1      | Reached XP level 1. HP: 15/15 MP: 0/0
   232 | D:1      | Reached XP level 2. HP: 12/21 MP: 0/0
   379 | D:1      | Found a faded altar of an unknown god.
   433 | D:1      | Became a worshipper of the Shining One
   433 | D:1      | Reached * piety under the Shining One
  1035 | D:1      | Reached XP level 3. HP: 16/25 MP: 0/0
  1035 | D:1      | Learned a level 1 spell: Apportation
  1391 | D:1      | Reached skill level 4 in Spellcasting
  1861 | D:2      | Reached XP level 4. HP: 19/31 MP: 0/0
  2897 | D:2      | Reached XP level 5. HP: 29/35 MP: 0/0
  2897 | D:2      | Learned a level 2 spell: Searing Ray
  3217 | D:3      | Found a glowing drain.
  3220 | D:3      | Reached skill level 5 in Spellcasting
  3226 | Sewer    | Entered a sewer
  3492 | Sewer    | Noticed a kobold brigand
  3501 | Sewer    | Killed a kobold brigand
  3502 | Sewer    | Reached XP level 6. HP: 28/40 MP: 0/0
  4269 | Sewer    | Reached ** piety under the Shining One
  4276 | Sewer    | Reached skill level 6 in Spellcasting
  4875 | D:3      | Reached XP level 7. HP: 40/45 MP: 0/0
  4875 | D:3      | Learned a level 3 spell: Portal Projectile
  4947 | D:3      | quinnr: portal projectile??
  4947 | D:3      | beem: Teleports a fired (wield launcher) or thrown missile
                  | directly to its target, greatly increasing its accuracy
                  | (but not damage). Has many interesting tactical uses, e.g.
                  | hitting the orc priest hanging out behind the pack. Does
                  | not pass (transparent) walls. It is the rough opposite of
                  | apportation, in that it can also fire whatever wherever
                  | whyever.
  4947 | D:3      | quinnr: !apt Dj
  4947 | D:3      | beem: Dj: Fighting: 0, Short: -1, Long: -1, Axes: -2*,
                  | Maces: -2, Polearms: -2, Staves: -1, Slings: -2, Bows: -2,
                  | Xbows: -2, Throw: -2, Armour: 0, Dodge: 1, Stealth: -1,
                  | Shields: 0, UC: 0, Splcast: -3, Conj: N/A, Hexes: N/A,
                  | Charms: N/A, Summ: N/A, Nec: N/A, Tloc: N/A, Tmut: N/A,
                  | Fire: N/A, Ice: N/A, Air: N/A, Earth: N/A, Poison: N/A,
                  | Inv: 0, Evo: 0, Exp: 1!, HP: -1, MP: 0
  5258 | D:3      | Found a sparkling altar of Nemelex Xobeh.
  5323 | D:3      | quinnr: ??the shining one
  5323 | D:3      | beem: the shining one[1/9]: One of three 'good gods'.
                  | Provides a number of passive favours as well as active
                  | abilities later. Enjoys killing of evil creatures, forbids
                  | evil/unholy magic/items, and prevents stabbing of
                  | intelligent creatures.
  5323 | D:3      | quinnr: ??good gods
  5323 | D:3      | beem: good gods[1/2]: Elyvilon, the Shining One, Zin.
                  | Switching between them sets your piety to half of your old
                  | piety instead of the normal 15 (unless that would be below
                  | 15).
  5323 | D:3      | quinnr: ??evil gods
  5323 | D:3      | beem: evil gods[1/2]: Beogh, (from 0.22) Dithmenos, Lugonu,
                  | Kikubaaqudgha, Yredelemnul, Makhleb
  5487 | D:4      | Noticed Duvessa
  5487 | D:4      | Noticed Dowan
  5489 | D:4      | Killed Dowan
  5492 | D:4      | Mangled by Duvessa

Illustrated notes

Levels and vault maps discovered:
D:1:      dpeg_arrival_erosion, layout_loops_ring,
          hellmonk_ecumenical_altar_pennies_from_heaven, minmay_vboxes
D:2:      layout_loops_ring
D:3:      layout_basic, nemelex_spade_bored_becter, gup_sewer_entry_glass
D:4:      layout_basic, temple_fountains, uniq_duvessa, uniq_grinder

Skill      XL: |  1  2  3  4  5  6 |
---------------+-------------------+-----
Spellcasting   | 4 5 6 |  6.3
Dodging        | |  2.1
Stealth        | |  1.5

Action                   |  1- 3 |  4- 6 |  7- 9 || total
-------------------------+-------+-------+-------++-------
Melee: Short sword       |     6 |       |       ||     6
       Dagger            |    23 |     8 |     1 ||    32
 Cast: Freeze            |    30 |    21 |     6 ||    57
       Ozocubu's Armour  |     2 |     1 |     1 ||     4
       Frozen Ramparts   |     1 |    18 |     1 ||    20
       Apportation       |       |     1 |       ||     1
       Searing Ray       |       |    31 |     4 ||    35
       Hailstorm         |       |     1 |     2 ||     3
  Use: Potion            |     1 |       |       ||     1
       Scroll            |       |     6 |       ||     6
Armor: Robe              |    13 |     2 |       ||    15
Dodge: Dodged            |    28 |    17 |     4 ||    49

Table legend: (Time is in decaauts)
 A = Elapsed time spent in this place.
 B = Non-inter-level travel time spent in this place.
 C = Inter-level travel time spent in this place.
 D = Time resting spent in this place.
 E = Time spent auto-exploring this place.
 F = Levels seen in this place.
 G = Mean time per level.
                   A        B        C        D        E       F      G
               +--------+--------+--------+--------+--------+-----+--------+
         Total |   5480 |   5331 |    149 |    538 |   4233 |   5 | 1096.0 |
       Dungeon |   4231 |   4082 |    149 |    452 |   3241 |   4 | 1057.8 |
         Sewer |   1248 |   1248 |      0 |     86 |    992 |   1 | 1248.0 |
               +--------+--------+--------+--------+--------+-----+--------+

Top non-repeatable levels by time:
     D:1: 1837 daAuts
     D:2: 1319 daAuts
   Sewer: 1248 daAuts
     D:3: 1069 daAuts
     D:4: 4 daAuts
